AoeStats
← CapDeadpool600

Four Lakes

510217368Analyzed
1v1 RM · 2d ago on Sep 30, 2026· 20m 58s· 2 players
Game mode
Random Map
Map size
Tiny (2 player)
Population
200
Speed
Normal
Resources
Standard
Victory
Conquest
Starting age
Dark Age
Ending age
Imperial Age
RankedLock teamsTeams togetherTeam positionsShared explorationLock speedFull tech treeHidden civsTurbo modeCheats
Victory
Defeat
🇺🇸 Burgundians · United States
556
+19
🇺🇸 Slavs · United States
617
-41
SpeedyVroomster
0:57 Loom
11:54 Feudal Age
14:36 Scale Barding Armor
15:43 Double-Bit Axe
21:30 Wheelbarrow
21:30 Forging
CapDeadpool600
9:52 Loom
12:52 Feudal Age
15:23 Wheelbarrow
15:58 Horse Collar
19:10 Man-at-Arms
Connection lost

Rejoining the realm…

Still unreachable

The connection could not be restored.

Session expired

The server has moved on; the page needs a fresh start.